 Dungeon Crawl Stone Soup version 0.12.2-14-g7c90c79 (webtiles) character file.

202 MarVin the Skirmisher (level 4, 2/36 HPs)
             Began as a Demonspawn Fighter on Aug 6, 2013.
             Quit the game on Level 3 of the Dungeon.
             The game lasted 00:04:26 (1343 turns).

MarVin the Skirmisher (Demonspawn Fighter)          Turns: 1343, Time: 00:04:27

HP   2/36        AC 12     Str 17      XL: 4   Next: 38%
MP   3/3         EV  2     Int  9      God:
Gold 108         SH 18     Dex 13      Spells:  0 memorised,  3 levels left

Res.Fire  : . . .   See Invis. : .   a - +0 hand axe {=f}
Res.Cold  : . . .   Warding    : .   i - +0 plate armour
Life Prot.: . . .   Conserve   : .   c - +0 shield
Res.Poison: .       Res.Corr.  : .   (no helmet)
Res.Elec. : .       Clarity    : .   (no cloak)
Sust.Abil.: . .     Spirit.Shd : .   (no gloves)
Res.Mut.  : .       Stasis     : .   n - +0 pair of orc boots
Res.Rott. : .       Ctrl.Telep.: .   (no amulet)
Saprovore : . . .   Flight     : .   (no ring)
                                     (no ring)

@: slowed, very slow, slightly resistant to hostile enchantments, extremely
unstealthy
A: talons 1
a: no special abilities


You were on level 3 of the Dungeon.
You were hungry.

You visited 1 branch of the dungeon, and saw 4 of its levels.

You collected 88 gold pieces.

Inventory:

Hand weapons
 a - a +0,+0 hand axe (weapon) {=f}
Armour
 b - a +0 scale mail
 c - a +0 shield (worn)
 i - a +0 plate armour (worn)
 n - a +0 pair of orcish boots (worn)
Comestibles
 d - 4 bread rations
 j - a banana
 k - a meat ration
 p - a chunk of giant gecko flesh
Scrolls
 e - a scroll of curse armour {unknown}
 f - a scroll of enchant weapon I {unknown}
 g - a scroll of fog {unknown}
 h - a scroll of random uselessness {unknown}
 m - a scroll of remove curse {unknown}
Potions
 l - a potion of curing {unknown}
 q - a potion of magic {unknown}
 r - a potion of cure mutation {unknown}
Books
 o - a book of Transfigurations

   Spells                             Type                      Level
   Stoneskin                          Transmutation/Earth          2
   Polymorph                          Hexes/Transmutation          4
   Ice Form                           Ice/Transmutation            4
   Statue Form                        Transmutation/Earth          6
   Dragon Form                        Fire/Transmutation           7


   Skills:
 - Level 3.3 Fighting
 + Level 3.1 Axes
 - Level 3.0 Armour
 - Level 0.1 Dodging
 - Level 3.3 Shields


You had 3 spell levels left.
You didn't know any spells.

Dungeon Overview and Level Annotations

Branches:
Dungeon (4/27)
 Temple: D:4-7

Altars:
Yredelemnul


Innate Abilities, Weirdness & Mutations

You have sharp toenails.


Message History

The magic dart hits you!
* * * LOW HITPOINT WARNING * * *
You are too injured to fight recklessly!
You are too injured to fight recklessly!
You are too injured to fight recklessly!
You are too injured to fight recklessly!
You miss the orc wizard.
The orc wizard is lightly wounded.
The orc wizard gestures at you while chanting.
You feel as though you will be slow longer.
You block the orc wizard's attack.
The orc wizard hits you with an orcish dagger.
* * * LOW HITPOINT WARNING * * *
You closely miss the orc wizard.
The orc wizard is lightly wounded.
The orc wizard gestures at you while chanting.
The magic dart hits you!
* * * LOW HITPOINT WARNING * * *
The orc wizard hits you but does no damage.
Are you sure you want to abandon this character and quit the game? (Confirm with "yes".)

#...# #........##
#...########..........
#....)...(((..........
#...########........#.
#...# ###.#...># ##.##
#.#....#
###.###########.#....#.
#.....((.......%.......
#..)..@...#####.##.###.
#....o))..# #.##.# .
#.........# #.##.#
#.........#####.##.#
#...................
#........(.#.......#
#.......###(# ......#
.......###%####......
............oo......


You could see an orc wizard.

Vanquished Creatures
  An orc wizard (D:4)
  3 adders
  3 giant geckos
  An ooze (D:2)
  3 orcs (D:3)
  7 goblins
  3 jackals (D:1)
  5 kobolds
  2 quokkas (D:2)
  3 giant cockroaches (D:2)
  A giant newt (D:1)
  3 rats (D:2)
35 creatures vanquished.

Notes
Turn   | Place    | Note
--------------------------------------------------------------
     0 | D:1      | MarVin, the Demonspawn Fighter, began the quest for the Orb.
     0 | D:1      | Reached XP level 1. HP: 18/18 MP: 0/0
   208 | D:1      | Reached XP level 2. HP: 18/24 MP: 1/1
   706 | D:2      | Gained mutation: You have sharp toenails. [demonic ancestry]
   706 | D:2      | Reached XP level 3. HP: 22/30 MP: 2/2
   827 | D:2      | Found a basalt altar of Yredelemnul.
  1207 | D:4      | Reached XP level 4. HP: 16/36 MP: 3/3
  1343 | D:3      | Quit the game

Action                   |  1- 3 |  4- 6 || total
-------------------------+-------+-------++-------
Melee: Hand axe          |   180 |    18 ||   198
